 Dungeon Crawl Stone Soup version 0.19-a0-1168-g98094fc (webtiles) character file.

233 st0uf the Covered (level 5, -17/47 HPs)
             Began as a Minotaur Fighter on Aug 15, 2016.
             Demolished by an ogre
             ... wielding a +0 giant club
              (20 damage)
             ... on level 4 of the Dungeon.
             The game lasted 00:05:25 (809 turns).

st0uf the Covered (Minotaur Fighter)                 Turns: 809, Time: 00:05:26

Health: -17/47     AC:  7    Str: 20    XL:     5   Next: 74%
Magic:  4/4        EV:  8    Int:  5    God:
Gold:   53         SH: 10    Dex: 11    Spells: 0 memorised, 4 levels left

rFire  . . .     SeeInvis .     a - +0 war axe
rCold  . . .     Gourm    .     b - +0 scale mail
rNeg   . . .     Faith    .     c - +0 shield
rPois  .         Spirit   .     (helmet restricted)
rElec  .         Dismiss  .     (no cloak)
rCorr  .         Reflect  .     (no gloves)
MR     .....     Harm     .     (no boots)
Stlth  ..........               (no amulet)
                                (no ring)
                                (no ring)

@: no status effects
A: retaliatory headbutt, horns 2
a: no special abilities


You were on level 4 of the Dungeon.
You were not hungry.

You visited 1 branch of the dungeon, and saw 4 of its levels.

You collected 53 gold pieces.

Inventory:

Hand Weapons
 a - a +0 war axe (weapon)
Armour
 b - a +0 scale mail (worn)
 c - a +0 shield (worn)
Scrolls
 i - 2 scrolls of remove curse {unknown}
 l - a scroll of enchant weapon {unknown}
 m - a scroll of recharging {unknown}
 n - a scroll of identify {unknown}
 o - a scroll of immolation {unknown}
Potions
 d - a potion of might
 e - 4 potions of curing {unknown}
 h - a potion of brilliance {unknown}
 k - 2 potions of invisibility {unknown}
Comestibles
 f - 2 bread rations
 j - a beef jerky


   Skills:
 + Level 4.7 Fighting
 + Level 3.5 Axes
 + Level 5.1 Armour
 + Level 1.5 Dodging
 + Level 5.1 Shields


You had 4 spell levels left.
You didn't know any spells.

Dungeon Overview and Level Annotations

Branches:
Dungeon (4/15)
 Temple: D:4-7

Altars:
Xom
Zin


Innate Abilities, Weirdness & Mutations

You reflexively headbutt those who attack you in melee.
You have a pair of horns on your head.


Message History

Your Shields skill increases to level 5!
Your shield prevents you from hitting the ogre.
The ogre hits you but does no damage.
You hit the ogre but do no damage. The ogre hits you but does no damage.
You barely miss the ogre. You headbutt the ogre.
The ogre is lightly wounded.
The ogre hits you with a giant club!
Your shield and scale mail prevent you from hitting the ogre.
Your headbutt misses the ogre.
The ogre is lightly wounded.
The ogre closely misses you. You furiously retaliate!
You headbutt the ogre. You hit the ogre. You headbutt the ogre!
The ogre is severely wounded.
The ogre hits you with a giant club!
* * * LOW HITPOINT WARNING * * *
You block the ogre's attack.
You hit the ogre but do no damage.
The ogre is severely wounded.
The ogre hits you with a giant club!!
You die...

### ......# # #.. ######.# # #.#
#######.#### # #.# ...........# #
###.### ######.##.# #
.#####.....# #O##.# #
...........##### #.##O# #
...............##########.##.# #
######.....###..@O........##.####
#.....# ###############...O.
#.#.### ###### #...# #####


You could see an ogre.

Vanquished Creatures
  2 scorpions (D:4)
  A hound (D:4)
  A giant frog skeleton (D:4)
  5 adders
  A dart slug (D:2)
  A giant gecko (D:2)
  4 giant cockroaches
  7 goblins
  A hobgoblin (D:1)
  2 kobolds
  A quokka (D:2)
  2 ball pythons (D:2)
  3 bats (D:3)
  A giant newt (D:3)
  3 rats
35 creatures vanquished.

Notes
Turn   | Place    | Note
-------+----------+-------------------------------------------
     0 | D:1      | st0uf the Minotaur Fighter began the quest for the Orb.
     0 | D:1      | Reached XP level 1. HP: 19/19 MP: 0/0
   118 | D:2      | Reached XP level 2. HP: 27/27 MP: 1/1
   208 | D:2      | Reached XP level 3. HP: 16/33 MP: 2/2
   504 | D:2      | Found a shimmering altar of Xom.
   505 | D:2      | Noticed an angel
   505 | D:2      | Found a glowing silver altar of Zin.
   650 | D:2      | Reached XP level 4. HP: 37/40 MP: 3/3
   720 | D:4      | Reached skill level 1 in Dodging
   720 | D:4      | Reached XP level 5. HP: 47/47 MP: 4/4
   742 | D:4      | Reached skill level 5 in Armour
   753 | D:4      | Noticed an ogre
   803 | D:4      | Reached skill level 5 in Shields
   809 | D:4      | Demolished by an ogre

Vault maps used:
D:1:      lemuel_arrival_broad_hall, roderic_lattice_a, grunt_decor_one_mirror
D:2:      grunt_temple_overflow_order_and_chaos_1, serial_curves,
          eino_curves_03, eino_curves_02, first_bread, uniq_iyjb
D:4:      minmay_bisected, uniq_blork_the_orc

Skill      XL: |  1  2  3  4  5 |
---------------+----------------+-----
Armour         | 4 5 |  5.1
Shields        | 4 5 |  5.1
Fighting       | 4 |  4.7
Axes           | 3 |  3.5
Dodging        | 1 |  1.5

Action                   |  1- 3 |  4- 6 || total
-------------------------+-------+-------++-------
Melee: War axe           |    70 |    21 ||    91
       Headbutt          |     8 |     6 ||    14
Armor: Scale mail        |    35 |     8 ||    43
Dodge: Dodged            |    19 |    11 ||    30
Block: Shield            |    30 |    19 ||    49
